AoeStats
← JanMa

Arabia

509957616Analyzed
3v3 RM · 5d ago on Sep 28, 2026· 57m 11s· 6 players
Game mode
Random Map
Map size
Normal (6 player)
Population
200
Speed
Normal
Resources
Standard
Victory
Conquest
Starting age
Dark Age
Ending age
Imperial Age
RankedLock teamsTeams togetherTeam positionsShared explorationLock speedFull tech treeHidden civsTurbo modeCheats
Victory
Defeat
🇲🇽 Celts · Mexico
945
+18
🇩🇪 Gurjaras · Germany
939
+19
🇩🇪 Cumans · Germany
928
+19
🇨🇿 Britons · Czechia
1020
-20
🇨🇿 Bulgarians · Czechia
1016
-19
🇨🇿 Burgundians · Czechia
951
-17
Icke
6:13 Loom
9:33 Feudal Age
11:56 Wheelbarrow
11:41 Double-Bit Axe
12:11 Horse Collar
19:12 Castle Age
17:51 Bloodlines
18:12 Forging
18:36 Scale Barding Armor
20:18 Husbandry
20:59 Heavy Plow
21:13 Bow Saw
25:41 Gold Mining
25:47 Stone Mining
27:12 Chain Barding Armor
28:09 Hand Cart
30:18 Iron Casting
34:03 Imperial Age
33:06 Town Watch
34:05 Elite Shrivamsha Rider
34:11 Elite Shrivamsha Rider
34:24 Heavy Camel Rider
38:23 Plate Barding Armor
42:48 Stone Shaft Mining
42:53 Gold Shaft Mining
42:55 Crop Rotation
43:03 Conscription
44:04 Kshatriyas
44:10 Kshatriyas
48:15 Elite Chakram Thrower
49:41 Light Cavalry
51:53 Padded Archer Armor
52:56 Leather Archer Armor
52:46 Scale Mail Armor
52:11 Hussar
53:13 Murder Holes
57:00 Chain Mail Armor
ZopePunk
11:55 Feudal Age
12:22 Loom
13:44 Man-at-Arms
17:36 Double-Bit Axe
18:33 Horse Collar
25:22 Castle Age
24:11 Forging
24:07 Scale Barding Armor
25:40 Scale Mail Armor
27:00 Fletching
30:17 Iron Casting
30:02 Chain Barding Armor
32:05 Bodkin Arrow
34:02 Gold Mining
34:03 Stone Mining
45:54 Imperial Age
43:42 Chain Mail Armor
42:58 Pikeman
43:23 Arson
45:57 Elite Woad Raider
47:02 Conscription
47:10 Conscription
52:18 Plate Mail Armor
52:50 Blast Furnace
53:01 Stronghold
53:22 Furor Celtica
54:13 Capped Ram
Tobi
9:44 Feudal Age
12:13 Loom
15:01 Horse Collar
16:57 Double-Bit Axe
19:09 Wheelbarrow
26:43 Castle Age
24:37 Fletching
24:48 Padded Archer Armor
26:42 Stone Mining
26:45 Gold Mining
27:58 Bloodlines
29:01 Thumb Ring
29:55 Light Cavalry
32:48 Bow Saw
33:04 Heavy Plow
33:22 Bodkin Arrow
33:43 Leather Archer Armor
44:36 Imperial Age
44:17 Gold Shaft Mining
45:40 Hand Cart
45:10 Town Watch
47:27 Two-Man Saw
46:59 Crop Rotation
52:33 Ring Archer Armor
53:17 Town Patrol
53:18 Elite Skirmisher
54:46 Elite Steppe Lancer
55:38 Scale Barding Armor
Kompot
9:08 Feudal Age
7:26 Loom
10:12 Double-Bit Axe
11:17 Horse Collar
16:05 Fletching
17:22 Padded Archer Armor
21:02 Castle Age
20:48 Gold Mining
21:08 Crossbowman
21:48 Bodkin Arrow
23:25 Bow Saw
23:29 Squires
23:58 Scale Mail Armor
24:53 Wheelbarrow
24:37 Town Watch
25:01 Heavy Plow
28:52 Leather Archer Armor
28:50 Forging
29:25 Stone Mining
33:00 Gold Shaft Mining
33:08 Hand Cart
33:58 Chain Mail Armor
36:13 Town Patrol
39:59 Imperial Age
39:14 Ballistics
41:10 Iron Casting
40:20 Elite Longbowman
41:26 Bracer
41:57 Ring Archer Armor
41:58 Plate Mail Armor
42:55 Chemistry
43:11 Two-Man Saw
41:52 Pikeman
43:34 Blast Furnace
42:45 Halberdier
49:52 Murder Holes
VelkyChobot
7:40 Loom
10:31 Feudal Age
18:49 Scale Mail Armor
20:23 Forging
20:20 Scale Barding Armor
20:18 Double-Bit Axe
20:17 Horse Collar
23:44 Castle Age
29:53 Iron Casting
37:40 Wheelbarrow
37:45 Heavy Plow
39:13 Chain Barding Armor
38:44 Fletching
43:05 Chain Mail Armor
48:12 Hand Cart
JanMa
0:32 Loom
10:22 Feudal Age
11:14 Double-Bit Axe
12:32 Horse Collar
18:26 Bow Saw
21:33 Castle Age
20:48 Scale Barding Armor
20:57 Forging
21:18 Gold Mining
21:21 Stone Mining
22:22 Husbandry
22:49 Squires
23:35 Cavalier
25:46 Wheelbarrow
25:47 Iron Casting
25:51 Gold Shaft Mining
25:19 Heavy Plow
25:22 Town Watch
26:42 Chain Barding Armor
27:31 Pikeman
37:11 Imperial Age
35:05 Hand Cart
36:59 Two-Man Saw
36:53 Scale Mail Armor
37:06 Murder Holes
37:22 Fortified Wall
37:22 Town Patrol
37:48 Halberdier
42:10 Man-at-Arms
43:27 Plate Barding Armor
43:07 Chain Mail Armor
43:52 Blast Furnace
51:16 Plate Mail Armor
Connection lost

Rejoining the realm…

Still unreachable

The connection could not be restored.

Session expired

The server has moved on; the page needs a fresh start.